General information
- name: BNet
- type: Ladder team game (AT/RT)
- host: Battle.net
- saver: MrFrosty
map: UpperKingdom
- players: 6
- length: 76:11
- speed: Fast
- version: 1.23 W3XP
- replay type: Public
» download(604 KB)
Players
team 1 (winner)
FedEx (
red | 87 APM | 6638 actions | 76:10)
6 Blademaster
3 Wind Walk
2 Critical Strike
1 Bladestorm
» actions
| Assign group hotkey | 12 | |
| Basic commands | 88 | |
| Build / train | 128 | |
| ESC pressed | 1 | |
| Enter build submenu | 109 | |
| Enter hero's abilities submenu | 6 | |
| Give item / drop item | 7 | |
| Remove unit from queue | 1 | |
| Right click | 4534 | |
| Select / deselect | 569 | |
| Select group hotkey | 544 | |
| Use ability | 638 | |
6638 total
» units
» upgrades
| Ranged Weapons | 3 | |
| Liquid Fire | 1 | |
| Reinforced Defenses | 1 | |
5 total
» buildings
| Altar of Storms | 1 | |
| Orc Burrow | 10 | |
| War Mill | 1 | |
| Voodoo Lounge | 5 | |
| Watch Tower | 104 | |
| Stronghold | 2 | |
| Fortress | 2 | |
| Beastiary | 4 | |
| Great Hall | 2 | |
131 total
» build order
00:02 Altar of Storms
00:03 Orc Burrow
00:54 War Mill
01:12 Voodoo Lounge
02:01 Orc Burrow
02:14 Watch Tower
02:54 Watch Tower
03:24 Watch Tower
03:39 Watch Tower
04:26 Watch Tower
04:29 Watch Tower
05:31 Watch Tower
05:33 Stronghold
05:35 Watch Tower
05:41 Watch Tower
05:53 Watch Tower
05:57 Watch Tower
06:11 Voodoo Lounge
06:20 Voodoo Lounge
06:45 Orc Burrow
06:50 Watch Tower
08:08 Watch Tower
08:14 Voodoo Lounge
08:19 Fortress
08:19 Fortress
08:21 Watch Tower
08:22 Watch Tower
08:24 Watch Tower
08:25 Watch Tower
08:26 Watch Tower
08:41 Beastiary
08:42 Beastiary
09:38 Watch Tower
09:51 Watch Tower
11:25 Watch Tower
11:31 Watch Tower
11:45 Watch Tower
12:43 Watch Tower
13:42 Great Hall
14:22 Watch Tower
14:23 Watch Tower
14:24 Watch Tower
14:42 Watch Tower
14:54 Orc Burrow
16:54 Watch Tower
16:55 Watch Tower
16:56 Watch Tower
16:57 Watch Tower
18:54 Watch Tower
20:52 Watch Tower
20:53 Watch Tower
21:31 Watch Tower
23:58 Watch Tower
24:27 Watch Tower
25:39 Watch Tower
27:01 Watch Tower
27:02 Watch Tower
27:03 Watch Tower
27:03 Watch Tower
27:04 Watch Tower
27:04 Watch Tower
27:16 Watch Tower
27:18 Watch Tower
27:19 Watch Tower
27:20 Watch Tower
28:15 Watch Tower
28:17 Watch Tower
28:19 Watch Tower
28:21 Watch Tower
28:23 Watch Tower
28:31 Watch Tower
28:38 Watch Tower
28:39 Watch Tower
28:42 Watch Tower
29:38 Great Hall
29:55 Watch Tower
29:56 Watch Tower
29:57 Watch Tower
29:58 Watch Tower
29:59 Watch Tower
30:00 Watch Tower
30:37 Watch Tower
31:00 Watch Tower
31:06 Watch Tower
32:12 Watch Tower
32:13 Watch Tower
33:24 Watch Tower
33:25 Watch Tower
33:26 Watch Tower
33:28 Watch Tower
33:30 Watch Tower
33:35 Watch Tower
33:36 Watch Tower
33:37 Watch Tower
33:39 Watch Tower
33:56 Watch Tower
33:57 Watch Tower
33:57 Watch Tower
33:58 Watch Tower
34:04 Watch Tower
34:05 Watch Tower
34:08 Watch Tower
34:12 Watch Tower
34:13 Watch Tower
34:17 Voodoo Lounge
34:20 Watch Tower
34:21 Watch Tower
34:23 Watch Tower
34:23 Watch Tower
44:50 Watch Tower
45:16 Watch Tower
45:19 Watch Tower
45:24 Watch Tower
45:26 Watch Tower
46:32 Watch Tower
47:16 Watch Tower
47:18 Watch Tower
47:20 Watch Tower
47:22 Watch Tower
47:52 Watch Tower
47:53 Watch Tower
47:54 Watch Tower
67:13 Orc Burrow
67:24 Orc Burrow
67:26 Orc Burrow
67:28 Orc Burrow
67:30 Orc Burrow
67:32 Orc Burrow
68:31 Beastiary
68:32 Beastiary
» items
| Healing Salve | 5 | |
| Lesser Clarity Potion | 9 | |
| Orb of Lightning | 1 | |
| Potion of Healing | 9 | |
| Potion of Mana | 7 | |
| Scroll of Town Portal | 4 | |
35 total
Kunt.roII (
purple | 141 APM | 10769 actions | 76:10)
7 Archmage
3 Blizzard
3 Brilliance Aura
1 Mass Teleport
6 Blood Mage
3 Flame Strike
2 Siphon Mana
1 Summon Phoenix
6 Dark Ranger
3 Silence
2 Life Drain
1 Charm
» actions
| Assign group hotkey | 68 | |
| Basic commands | 168 | |
| Build / train | 153 | |
| ESC pressed | 10 | |
| Enter build submenu | 91 | |
| Enter hero's abilities submenu | 19 | |
| Give item / drop item | 8 | |
| Right click | 4870 | |
| Select / deselect | 527 | |
| Select group hotkey | 4289 | |
| Use ability | 565 | |
10769 total
» units
| Peasant | 22 | |
| Priest | 12 | |
| Sorceress | 8 | |
| Barbed Arachnathid | 6 | |
| Polar Furbolg Shaman | 1 | |
| Magnataur Warrior | 1 | |
50 total
» upgrades
| Masonry | 3 | |
| Magic Sentry | 1 | |
| Priest Training | 3 | |
| Sorceress Training | 2 | |
| Lumber Harvesting | 2 | |
11 total
» buildings
| Altar of Kings | 1 | |
| Farm | 9 | |
| Lumber Mill | 1 | |
| Scout Tower | 74 | |
| Arcane Tower | 3 | |
| Arcane Vault | 1 | |
| Guard Tower | 40 | |
| Keep | 1 | |
| Arcane Sanctum | 1 | |
| Castle | 2 | |
| Town Hall | 2 | |
135 total
» build order
00:09 Altar of Kings
00:21 Farm
00:54 Lumber Mill
00:57 Scout Tower
01:11 Farm
01:24 Arcane Tower
01:45 Arcane Vault
02:00 Farm
02:25 Scout Tower
02:26 Scout Tower
03:17 Guard Tower
03:18 Scout Tower
03:19 Scout Tower
03:20 Scout Tower
03:21 Scout Tower
03:34 Farm
03:38 Keep
03:44 Farm
03:53 Guard Tower
04:03 Guard Tower
04:20 Scout Tower
04:23 Scout Tower
05:07 Arcane Tower
05:11 Scout Tower
05:15 Scout Tower
05:22 Scout Tower
05:23 Scout Tower
05:45 Guard Tower
05:55 Guard Tower
06:26 Arcane Sanctum
06:35 Scout Tower
06:36 Scout Tower
07:31 Guard Tower
07:31 Guard Tower
07:32 Guard Tower
08:12 Scout Tower
08:13 Scout Tower
08:15 Guard Tower
08:29 Castle
08:29 Castle
08:35 Scout Tower
08:36 Scout Tower
08:54 Scout Tower
08:55 Scout Tower
09:44 Guard Tower
09:46 Scout Tower
09:47 Scout Tower
10:00 Scout Tower
10:01 Scout Tower
10:01 Scout Tower
10:06 Scout Tower
10:13 Arcane Tower
11:18 Guard Tower
11:24 Scout Tower
11:25 Scout Tower
11:26 Scout Tower
11:32 Farm
11:35 Farm
12:34 Guard Tower
12:50 Scout Tower
12:50 Scout Tower
12:52 Guard Tower
12:52 Guard Tower
13:23 Farm
14:16 Guard Tower
14:16 Guard Tower
14:18 Scout Tower
14:18 Scout Tower
14:19 Scout Tower
17:30 Guard Tower
18:04 Scout Tower
18:05 Scout Tower
18:05 Scout Tower
19:08 Town Hall
19:17 Town Hall
20:15 Guard Tower
20:17 Scout Tower
20:17 Scout Tower
20:25 Scout Tower
20:26 Scout Tower
20:26 Scout Tower
20:59 Guard Tower
20:59 Guard Tower
21:26 Scout Tower
21:27 Scout Tower
22:01 Guard Tower
22:01 Guard Tower
23:28 Scout Tower
23:30 Scout Tower
23:31 Scout Tower
23:32 Scout Tower
23:55 Guard Tower
23:56 Guard Tower
24:01 Guard Tower
24:24 Guard Tower
24:24 Guard Tower
24:27 Scout Tower
24:28 Scout Tower
24:30 Scout Tower
24:31 Scout Tower
24:32 Scout Tower
24:33 Scout Tower
25:55 Guard Tower
25:55 Guard Tower
26:01 Scout Tower
26:02 Scout Tower
26:03 Scout Tower
26:09 Scout Tower
26:13 Scout Tower
26:17 Scout Tower
26:23 Scout Tower
26:24 Guard Tower
26:53 Guard Tower
28:28 Scout Tower
28:30 Scout Tower
28:30 Scout Tower
28:31 Scout Tower
29:07 Guard Tower
29:07 Guard Tower
29:29 Guard Tower
41:35 Scout Tower
41:37 Scout Tower
41:37 Scout Tower
41:38 Scout Tower
43:54 Scout Tower
43:54 Scout Tower
43:55 Scout Tower
43:55 Scout Tower
45:28 Guard Tower
69:04 Guard Tower
70:15 Farm
» items
| Scroll of Regeneration | 4 | |
| Lesser Clarity Potion | 1 | |
| Staff of Sanctuary | 3 | |
| Orb of Lightning | 5 | |
| Scroll of Speed | 1 | |
| Scroll of Town Portal | 6 | |
| Orb of Fire | 1 | |
| Potion of Healing | 1 | |
22 total
MrFrosty (
orange | 93 APM | 7103 actions | 76:11)
7 Archmage
3 Blizzard
3 Brilliance Aura
1 Mass Teleport
7 Mountain King
3 Storm Bolt
3 Thunder Clap
1 Avatar
6 Paladin
3 Holy Light
3 Divine Shield
» actions
| Assign group hotkey | 60 | |
| Basic commands | 89 | |
| Build / train | 131 | |
| ESC pressed | 5 | |
| Enter build submenu | 50 | |
| Enter hero's abilities submenu | 20 | |
| Give item / drop item | 7 | |
| Remove unit from queue | 3 | |
| Right click | 3782 | |
| Select / deselect | 1418 | |
| Select group hotkey | 972 | |
| Use ability | 566 | |
7103 total
» units
| Peasant | 12 | |
| Priest | 8 | |
| Magnataur Warrior | 3 | |
| Blue Dragonspawn Meddler | 3 | |
| Barbed Arachnathid | 8 | |
| Sorceress | 12 | |
| Dragonhawk Rider | 5 | |
| Mortar Team | 1 | |
| Polar Furbolg Shaman | 2 | |
54 total
» upgrades
| Masonry | 3 | |
| Lumber Harvesting | 2 | |
| Magic Sentry | 1 | |
| Priest Training | 2 | |
| Sorceress Training | 2 | |
| Animal War Training | 1 | |
| Cloud | 1 | |
| Armor | 3 | |
15 total
» buildings
| Altar of Kings | 1 | |
| Scout Tower | 40 | |
| Farm | 19 | |
| Lumber Mill | 1 | |
| Arcane Tower | 12 | |
| Guard Tower | 13 | |
| Keep | 1 | |
| Arcane Vault | 1 | |
| Castle | 1 | |
| Arcane Sanctum | 2 | |
| Gryphon Aviary | 1 | |
| Blacksmith | 1 | |
| Barracks | 1 | |
| Workshop | 1 | |
95 total
» build order
00:05 Altar of Kings
00:21 Scout Tower
00:25 Farm
00:53 Lumber Mill
00:54 Arcane Tower
01:23 Farm
01:38 Scout Tower
02:00 Farm
02:09 Guard Tower
02:15 Scout Tower
03:14 Guard Tower
03:16 Keep
03:18 Scout Tower
03:20 Scout Tower
03:33 Scout Tower
03:37 Farm
04:07 Arcane Tower
04:08 Guard Tower
04:11 Scout Tower
04:13 Guard Tower
04:17 Scout Tower
05:21 Guard Tower
05:23 Arcane Tower
05:25 Scout Tower
05:39 Arcane Vault
05:41 Castle
05:47 Arcane Sanctum
05:55 Arcane Sanctum
06:50 Guard Tower
06:56 Farm
08:49 Farm
13:05 Scout Tower
13:06 Scout Tower
13:07 Scout Tower
13:07 Scout Tower
14:12 Arcane Tower
14:13 Guard Tower
14:15 Scout Tower
14:16 Scout Tower
14:17 Scout Tower
14:28 Scout Tower
14:29 Scout Tower
14:30 Scout Tower
14:31 Scout Tower
14:33 Scout Tower
14:34 Scout Tower
15:01 Guard Tower
17:33 Arcane Tower
17:34 Guard Tower
17:44 Scout Tower
17:45 Scout Tower
17:46 Scout Tower
17:47 Scout Tower
17:51 Gryphon Aviary
17:53 Blacksmith
17:57 Barracks
18:13 Farm
18:24 Arcane Tower
19:06 Guard Tower
20:44 Workshop
25:34 Scout Tower
25:37 Scout Tower
25:43 Scout Tower
26:45 Arcane Tower
28:26 Arcane Tower
31:11 Scout Tower
31:16 Scout Tower
31:17 Scout Tower
32:23 Arcane Tower
45:06 Scout Tower
45:12 Scout Tower
45:13 Scout Tower
45:36 Arcane Tower
46:30 Arcane Tower
46:32 Guard Tower
46:45 Scout Tower
46:49 Scout Tower
46:51 Scout Tower
46:56 Scout Tower
47:14 Arcane Tower
47:45 Guard Tower
47:47 Scout Tower
49:07 Guard Tower
68:12 Farm
68:12 Farm
68:13 Farm
68:14 Farm
68:15 Farm
68:17 Farm
68:18 Farm
68:27 Farm
68:29 Farm
68:30 Farm
69:54 Farm
69:56 Farm
» items
| Healing Salve | 1 | |
| Staff of Sanctuary | 3 | |
| Orb of Lightning | 3 | |
| Scroll of Town Portal | 2 | |
9 total
team 2 (loser)
AsiaticBearSex (
yellow | 49 APM | 3705 actions | 76:10)
5 Mountain King
3 Storm Bolt
2 Bash
3 Blood Mage
2 Siphon Mana
1 Banish
3 Archmage
1 Brilliance Aura
2 Blizzard
» actions
| Assign group hotkey | 8 | |
| Basic commands | 150 | |
| Build / train | 217 | |
| ESC pressed | 30 | |
| Enter build submenu | 53 | |
| Enter hero's abilities submenu | 11 | |
| Remove unit from queue | 2 | |
| Right click | 1429 | |
| Select / deselect | 813 | |
| Select group hotkey | 680 | |
| Use ability | 312 | |
3705 total
» units
| Peasant | 43 | |
| Gryphon Rider | 21 | |
| Dragonhawk Rider | 5 | |
| Siege Engine | 2 | |
| Mortar Team | 4 | |
| Flying Machine | 5 | |
| Priest | 4 | |
84 total
» upgrades
| Masonry | 3 | |
| Lumber Harvesting | 2 | |
| Magic Sentry | 1 | |
| Cloud | 1 | |
| Storm Hammers | 1 | |
| Armor | 3 | |
| Swords | 4 | |
| Barrage | 1 | |
| Gunpowder | 3 | |
| Plating | 3 | |
| Flak Cannons | 1 | |
| Flying Machine Bombs | 1 | |
| Fragmentation Shards | 1 | |
| Flare | 1 | |
26 total
» buildings
| Altar of Kings | 1 | |
| Farm | 12 | |
| Lumber Mill | 1 | |
| Scout Tower | 28 | |
| Arcane Tower | 4 | |
| Guard Tower | 20 | |
| Keep | 2 | |
| Arcane Vault | 4 | |
| Blacksmith | 3 | |
| Town Hall | 3 | |
| Castle | 1 | |
| Arcane Sanctum | 1 | |
| Gryphon Aviary | 2 | |
| Workshop | 3 | |
85 total
» build order
00:08 Altar of Kings
00:13 Farm
00:33 Lumber Mill
00:40 Scout Tower
01:06 Arcane Tower
01:22 Farm
01:30 Scout Tower
01:58 Guard Tower
02:17 Scout Tower
02:24 Farm
02:51 Guard Tower
03:01 Keep
03:10 Scout Tower
03:13 Arcane Vault
03:24 Blacksmith
03:28 Farm
03:44 Guard Tower
05:53 Arcane Vault
06:20 Town Hall
06:22 Scout Tower
06:25 Scout Tower
06:27 Scout Tower
06:30 Scout Tower
06:55 Keep
07:00 Guard Tower
07:43 Arcane Tower
07:50 Scout Tower
07:51 Scout Tower
07:53 Farm
09:37 Town Hall
09:41 Castle
10:38 Arcane Sanctum
11:09 Guard Tower
12:41 Scout Tower
12:41 Scout Tower
12:42 Scout Tower
12:42 Scout Tower
12:43 Scout Tower
12:44 Scout Tower
12:44 Scout Tower
12:45 Scout Tower
12:45 Scout Tower
12:46 Scout Tower
12:47 Scout Tower
13:02 Gryphon Aviary
13:03 Gryphon Aviary
13:23 Arcane Tower
13:51 Guard Tower
13:56 Farm
13:56 Farm
13:57 Farm
13:58 Farm
14:10 Guard Tower
14:14 Guard Tower
14:42 Guard Tower
16:40 Farm
16:41 Farm
16:54 Workshop
16:56 Workshop
17:23 Scout Tower
17:24 Scout Tower
17:48 Blacksmith
18:00 Guard Tower
18:02 Guard Tower
18:58 Scout Tower
18:59 Scout Tower
19:33 Guard Tower
20:31 Arcane Vault
20:57 Scout Tower
21:00 Scout Tower
21:00 Scout Tower
21:17 Guard Tower
22:09 Guard Tower
24:06 Workshop
24:26 Guard Tower
24:51 Town Hall
28:30 Arcane Vault
28:52 Arcane Tower
29:59 Guard Tower
30:31 Guard Tower
30:32 Guard Tower
30:47 Guard Tower
33:36 Guard Tower
64:27 Farm
64:38 Blacksmith
» items
| Scroll of Regeneration | 13 | |
| Lesser Clarity Potion | 7 | |
| Ivory Tower | 11 | |
| Scroll of Town Portal | 8 | |
| Potion of Healing | 15 | |
| Potion of Mana | 4 | |
| Orb of Fire | 3 | |
| Staff of Sanctuary | 2 | |
63 total
cmore. (
teal | 61 APM | 4615 actions | 76:10)
6 Mountain King
3 Storm Bolt
2 Bash
1 Avatar
4 Blood Mage
2 Banish
2 Siphon Mana
2 Paladin
1 Holy Light
1 Divine Shield
» actions
| Assign group hotkey | 59 | |
| Basic commands | 325 | |
| Build / train | 121 | |
| Enter build submenu | 46 | |
| Enter hero's abilities submenu | 12 | |
| Give item / drop item | 5 | |
| Remove unit from queue | 1 | |
| Right click | 1849 | |
| Select / deselect | 946 | |
| Select group hotkey | 946 | |
| Use ability | 304 | |
4615 total
» units
| Peasant | 26 | |
| Footman | 7 | |
| Sorceress | 6 | |
| Priest | 5 | |
| Knight | 9 | |
| Blue Dragonspawn Meddler | 1 | |
54 total
» upgrades
| Lumber Harvesting | 1 | |
| Magic Sentry | 1 | |
| Priest Training | 2 | |
| Sorceress Training | 2 | |
| Swords | 2 | |
| Plating | 2 | |
| Masonry | 2 | |
12 total
» buildings
| Altar of Kings | 2 | |
| Farm | 17 | |
| Barracks | 2 | |
| Arcane Vault | 3 | |
| Lumber Mill | 1 | |
| Keep | 1 | |
| Arcane Sanctum | 3 | |
| Scout Tower | 9 | |
| Arcane Tower | 1 | |
| Castle | 1 | |
| Blacksmith | 1 | |
| Town Hall | 2 | |
| Guard Tower | 5 | |
| Gryphon Aviary | 4 | |
52 total
» build order
00:11 Altar of Kings
00:12 Farm
00:13 Altar of Kings
00:21 Barracks
00:28 Farm
01:39 Arcane Vault
01:51 Lumber Mill
03:10 Farm
03:53 Keep
06:16 Arcane Sanctum
07:51 Arcane Sanctum
08:37 Scout Tower
08:42 Farm
09:12 Arcane Tower
09:31 Farm
10:13 Farm
10:50 Farm
10:56 Farm
11:02 Farm
11:05 Farm
11:16 Farm
13:20 Castle
14:23 Blacksmith
17:24 Arcane Sanctum
17:53 Barracks
20:41 Farm
20:42 Farm
33:14 Town Hall
46:32 Town Hall
46:37 Arcane Vault
46:40 Arcane Vault
47:13 Scout Tower
47:14 Scout Tower
47:15 Scout Tower
47:19 Scout Tower
47:21 Scout Tower
47:45 Guard Tower
47:56 Guard Tower
48:54 Scout Tower
48:57 Scout Tower
48:57 Scout Tower
49:06 Gryphon Aviary
49:08 Gryphon Aviary
49:10 Gryphon Aviary
49:11 Gryphon Aviary
49:38 Guard Tower
49:53 Guard Tower
50:15 Guard Tower
61:08 Farm
61:55 Farm
64:12 Farm
64:16 Farm
» items
| Scroll of Regeneration | 9 | |
| Lesser Clarity Potion | 9 | |
| Potion of Healing | 5 | |
| Scroll of Town Portal | 4 | |
| Orb of Fire | 1 | |
| Potion of Mana | 3 | |
31 total
llama. (
pink | 106 APM | 8046 actions | 76:10)
5 Mountain King
3 Storm Bolt
2 Bash
3 Blood Mage
2 Flame Strike
1 Siphon Mana
» actions
| Assign group hotkey | 230 | |
| Basic commands | 143 | |
| Build / train | 213 | |
| ESC pressed | 1 | |
| Enter build submenu | 64 | |
| Enter hero's abilities submenu | 8 | |
| Give item / drop item | 1 | |
| Right click | 3774 | |
| Select / deselect | 1388 | |
| Select group hotkey | 1967 | |
| Use ability | 257 | |
8046 total
» units
| Peasant | 45 | |
| Footman | 8 | |
| Flying Machine | 11 | |
| Spell Breaker | 8 | |
| Mortar Team | 10 | |
82 total
» upgrades
| Lumber Harvesting | 2 | |
| Magic Sentry | 1 | |
| Swords | 3 | |
| Flak Cannons | 1 | |
| Gunpowder | 3 | |
| Plating | 1 | |
| Flying Machine Bombs | 1 | |
| Masonry | 1 | |
| Fragmentation Shards | 1 | |
| Flare | 1 | |
| Armor | 1 | |
16 total
» buildings
| Altar of Kings | 1 | |
| Farm | 14 | |
| Barracks | 1 | |
| Scout Tower | 31 | |
| Arcane Tower | 14 | |
| Arcane Vault | 2 | |
| Lumber Mill | 1 | |
| Keep | 2 | |
| Town Hall | 3 | |
| Blacksmith | 1 | |
| Guard Tower | 30 | |
| Workshop | 4 | |
| Arcane Sanctum | 3 | |
| Castle | 2 | |
109 total
» build order
00:04 Altar of Kings
00:12 Farm
00:31 Farm
01:05 Barracks
02:20 Scout Tower
02:21 Farm
02:38 Farm
02:51 Arcane Tower
02:51 Arcane Tower
03:41 Farm
03:55 Arcane Vault
04:30 Lumber Mill
04:33 Scout Tower
05:20 Keep
05:21 Keep
05:28 Arcane Tower
05:28 Arcane Tower
06:46 Scout Tower
06:48 Scout Tower
07:01 Town Hall
07:05 Blacksmith
07:12 Guard Tower
07:13 Guard Tower
07:15 Scout Tower
08:51 Guard Tower
09:10 Guard Tower
09:10 Guard Tower
09:38 Workshop
09:44 Farm
09:45 Farm
10:37 Scout Tower
10:38 Scout Tower
11:22 Guard Tower
11:22 Guard Tower
11:39 Arcane Sanctum
11:42 Arcane Sanctum
12:16 Town Hall
12:18 Guard Tower
12:19 Scout Tower
12:21 Scout Tower
12:22 Scout Tower
12:23 Scout Tower
12:32 Scout Tower
12:48 Arcane Sanctum
12:59 Guard Tower
13:02 Guard Tower
13:24 Farm
13:39 Guard Tower
14:39 Farm
14:40 Farm
14:42 Castle
14:43 Castle
14:51 Farm
14:52 Farm
15:01 Workshop
19:55 Scout Tower
19:55 Scout Tower
19:56 Scout Tower
19:56 Scout Tower
19:57 Scout Tower
20:06 Workshop
20:08 Workshop
20:11 Farm
20:12 Farm
20:18 Scout Tower
20:28 Guard Tower
20:28 Guard Tower
20:30 Scout Tower
20:32 Scout Tower
20:40 Scout Tower
20:57 Guard Tower
20:58 Guard Tower
20:59 Arcane Tower
20:59 Arcane Tower
21:03 Town Hall
21:09 Scout Tower
21:10 Scout Tower
21:11 Scout Tower
21:16 Guard Tower
21:16 Guard Tower
21:40 Arcane Tower
21:40 Arcane Tower
21:41 Scout Tower
21:42 Guard Tower
21:43 Scout Tower
21:45 Arcane Tower
21:51 Scout Tower
21:54 Scout Tower
22:11 Arcane Tower
22:19 Guard Tower
22:20 Guard Tower
22:20 Arcane Tower
22:21 Arcane Tower
22:22 Guard Tower
22:22 Guard Tower
24:32 Arcane Vault
26:50 Scout Tower
26:50 Scout Tower
26:51 Scout Tower
27:35 Guard Tower
28:16 Guard Tower
» items
| Lesser Clarity Potion | 8 | |
| Scroll of Regeneration | 8 | |
| Ivory Tower | 6 | |
| Potion of Mana | 4 | |
| Scroll of Town Portal | 2 | |
| Staff of Sanctuary | 2 | |
| Potion of Healing | 2 | |
32 total
Chat log
(23:34 / All) Kunt.roII: are u guys like
(23:40 / All) Kunt.roII: grubby and moon
(23:44 / All) Kunt.roII: just jacking off
(24:02 / All) llama.: no we're playing serious
(24:05 / All) Kunt.roII: Heh
(24:07 / All) llama.: this is our best
(25:08 / All) AsiaticBearSex: um try stop
(26:23 / All) AsiaticBearSex: TOO STRONG
(30:25 / All) Kunt.roII: damn poink
(31:01 / All) Kunt.roII: pink
(31:06 / All) Kunt.roII: i musta given u a really good lesson
(40:30 / All) Kunt.roII: lol this is fun :)
(45:23 / All) Kunt.roII: u liek pink :)
(48:56 / All) Kunt.roII: u guys played a GG
(49:26 / All) cmore.: uea ot was fun for a while
(49:30 / All) cmore.: but i guess we're leaving now lol
(49:32 / All) cmore.: bored
(49:34 / All) MrFrosty: t t
(49:39 / All) Kunt.roII: thats what happens when u pick 3 hu
(49:46 / All) cmore.: IBC SON
(51:20 / All) Kunt.roII: lern2staff
(51:25 / All) cmore.: dont need it
(53:53 / All) FedEx: teal....
(53:58 / All) Kunt.roII: UR BASE!
(54:02 / All) cmore.: what's up?
(54:05 / All) Kunt.roII: need additional pylons.
(54:10 / All) cmore.: lol gj
(54:44 / All) Kunt.roII: damn
(54:45 / All) Kunt.roII: i tried
(55:38 / All) MrFrosty: 1 mk stands alone
(55:56 / All) Kunt.roII: sometimes..its the tortise that wins the race...
(56:25 / All) Kunt.roII: Jerk
(56:33 / All) llama.: peasant ATTACK
(56:38 / All) MrFrosty: o m g
(56:58 / All) Kunt.roII: hey pink
(57:07 / All) Kunt.roII: ill give u
(57:10 / All) Kunt.roII: orb of lightning
(57:14 / All) Kunt.roII: for your trueshot
(57:19 / All) llama.: wow
(57:24 / All) llama.: you cant blizz the pesants
(57:40 / All) llama.: unfair play
(57:44 / All) Kunt.roII: excuse my noob ally
(57:46 / All) FedEx: imba
(58:10 / All) cmore.: guys im bored as fuck
(58:18 / All) MrFrosty: you dont appreciate a good game
(58:21 / All) llama.: im pretty hungry
(58:23 / All) Kunt.roII: u should proobly stay then
(58:27 / All) cmore.: maybe im tired!
(58:30 / All) MrFrosty: t t
(58:33 / All) AsiaticBearSex: im not feeling well TT
(58:37 / All) FedEx: tt
(58:38 / All) MrFrosty: my condolences
(58:48 / All) llama.: i hurt my toe..
(58:59 / All) MrFrosty: i already said my condolences
(60:05 / All) Kunt.roII: ugana genocide
(62:51 / All) cmore.: ALRIGHT! WE'LL WORK FROM BOTH SIDES IN PURP
(62:55 / All) AsiaticBearSex: sit down you're sinking
(62:56 / All) MrFrosty: al r i te
(63:00 / All) AsiaticBearSex: theres no one to watch u
(63:06 / All) cmore.: BS!
(63:08 / All) Kunt.roII: soz
(63:11 / All) AsiaticBearSex: and all the bridges uve burned
(63:13 / All) MrFrosty: purple has been worked from both ends multiple times tbh
(63:20 / All) AsiaticBearSex: AND WHEN THE SKY IS FALLIGN
(63:27 / All) AsiaticBearSex: DONT LOOK OUTSIDE THE WINDOW
(63:33 / All) AsiaticBearSex: ITS JUST UR DOUBT THAT BINDS U
(65:44 / All) MrFrosty: yo
(65:47 / All) MrFrosty: where is he going??
(65:55 / All) MrFrosty: big brother is watching
(66:27 / All) AsiaticBearSex: JUK
(66:29 / All) AsiaticBearSex: JUKE
(66:31 / All) MrFrosty: oh
(66:31 / All) Kunt.roII: 1 exp shy
(66:38 / All) AsiaticBearSex: JUKE
(67:25 / All) Kunt.roII: ur mine
(67:27 / All) Kunt.roII: <3
(67:45 / All) AsiaticBearSex: omg
(67:48 / All) Kunt.roII: Heh
(67:53 / All) AsiaticBearSex: this is persias vs scorpian
(68:00 / All) AsiaticBearSex: FIGHT ME
(69:00 / All) MrFrosty: arachnids have imbalanced burrow
(69:09 / All) Kunt.roII: they heal like 20 hp/sec
(69:12 / All) Kunt.roII: w t f
(69:28 / All) cmore.: lonely sorc!
(69:41 / All) Kunt.roII: err
(69:42 / All) Kunt.roII: u guys have
(69:46 / All) Kunt.roII: any workers left
(69:51 / All) Kunt.roII: i need one but i killed mine all on accident
(69:53 / All) cmore.: of course?
(69:54 / All) llama.: they're going on the rescue mission
(70:03 / All) llama.: oh no!
(70:05 / All) llama.: PAUL!
(70:05 / All) Kunt.roII: u have a bkacstabber
(70:07 / All) Kunt.roII: in ur mistd
(70:09 / All) llama.: WE WERE TOO LATE!
(70:15 / All) llama.: FRANK!
(70:16 / All) cmore.: oh no he didnt
(70:21 / All) Kunt.roII: see how fast he heals
(70:25 / All) llama.: THAT TRAITOR!
(70:34 / All) llama.: oh shit
(70:37 / All) llama.: i got reinforcements1
(70:51 / All) llama.: or not
(70:54 / All) cmore.: lmao
(71:13 / All) cmore.: im so tired fuuuuuck
(71:16 / All) Kunt.roII: brb need 100 food mercs
(71:46 / All) MrFrosty: those arachnids are 1 food each
(71:51 / All) MrFrosty: clearly imbalanced
(72:02 / All) llama.: i'm massing them next game
(72:07 / All) MrFrosty: its a good strat
(72:08 / All) Kunt.roII: ur prob win
(72:13 / All) Kunt.roII: unless you play us of course
(72:19 / All) Kunt.roII: cause we buy em first..ud have no unit..
(72:45 / All) MrFrosty: compared to fiends they are clearly superiour
(72:52 / All) Kunt.roII: 3 of em is like
(72:54 / All) Kunt.roII: 50 more hp
(72:57 / All) Kunt.roII: and free upgrade 3
(73:01 / All) MrFrosty: and 1.5x the damage
(73:02 / All) Kunt.roII: omfg hide
(73:09 / All) MrFrosty: and they come with burrow and dont have to web!!
(73:31 / All) cmore.: BWUAHAHAHA
(73:34 / All) Kunt.roII: OMG
(74:18 / All) Kunt.roII: i finish the job for u
(74:24 / All) Kunt.roII: omg oj backstab
(74:44 / All) cmore.: yellow's base still stands!
(74:59 / All) MrFrosty: O M G
(75:00 / All) llama.: OH FUCK
(75:04 / All) AsiaticBearSex: i will fight
(75:11 / All) llama.: FOR HONOR
(75:30 / All) Kunt.roII: stay otuta dis teal
(75:40 / All) llama.: I GOT ONE
(75:43 / All) MrFrosty: O M G
(75:45 / All) llama.: YES
(75:47 / All) Kunt.roII: ';,,,,,,,,,,,,,,,;'
(75:53 / All) MrFrosty: gg
(75:54 / All) Kunt.roII: bats > tanks
(75:54 / All) MrFrosty: we loose
(75:55 / All) llama.: finally1
(75:57 / All) FedEx: hahaha
(76:04 / All) cmore.: suicide MOTHER FUCKERS!!! BUWHAHAHAHA SUICIIIIIIIIIDE